 Dungeon Crawl Stone Soup version 0.22-a0-265-g0d8bc90 (webtiles) character file.

2427 emperorscorpion the Cleaver (level 9, -7/82 HPs)
             Began as a Deep Dwarf Berserker on Mar 6, 2018.
             Was a Believer of Trog.
             Mangled by a two-headed ogre
             ... wielding a +0 giant club
              (13 damage)
             ... on level 8 of the Dungeon.
             The game lasted 00:13:35 (1274 turns).

emperorscorpion the Cleaver (Deep Dwarf Berserker)  Turns: 1274, Time: 00:13:35

Health: -7/82      AC: 10    Str: 24    XL:     9   Next: 24%
Magic:  8/8        EV: 10    Int:  8    God:    Trog [**....]
Gold:   99         SH:  0    Dex: 12    Spells: 8/8 levels left

rFire    . . .     SeeInvis .   a - +0 hand axe
rCold    . . .     Gourm    .   (no shield)
rNeg     . . .     Faith    .   i - +0 chain mail
rPois    +         Spirit   .   (no helmet)
rElec    .         Reflect  .   (no cloak)
rCorr    .         Harm     .   (no gloves)
MR       +....                  (no boots)
Stlth    ..........             (no amulet)
HPRegen  0.00/turn              d - ring of poison resistance
MPRegen  0.11/turn              (no ring)

@: lethally poisoned (-7 -> -7), berserk cooldown, non-regenerating, slowed,
very slow
A: damage resistance, heal wounds, sense surroundings 2, no regeneration
a: Heal Wounds, Berserk, Trog's Hand, Renounce Religion


You were on level 8 of the Dungeon.
You worshipped Trog.
Trog was pleased with you.
You were very hungry.

You visited 1 branch of the dungeon, and saw 7 of its levels.

You collected 99 gold pieces.

Inventory:

Hand Weapons
 a - a +0 hand axe (weapon)
 j - a +1 flail of venom
Missiles
 c - a throwing net (quivered)
Armour
 b - a +0 animal skin
 g - a +0 ring mail
 i - a +0 chain mail (worn)
 u - a +0 plate armour
Jewellery
 d - a ring of poison resistance (left hand)
 r - an uncursed ring of fire
Scrolls
 e - a scroll of enchant armour {unknown}
 f - 3 scrolls of identify {unknown}
 k - a scroll of amnesia {unknown}
 o - a scroll of holy word {unknown}
 p - a scroll of teleportation {unknown}
Potions
 h - a potion of lignification
 l - 3 potions of curing {unknown}
 n - a potion of invisibility {unknown}
 q - a potion of heal wounds {unknown}
 s - a potion of brilliance {unknown}
 t - a potion of agility {unknown}
Comestibles
 m - 4 chunks of flesh


   Skills:
 + Level 5.7 Fighting
 + Level 10.6 Axes
 + Level 6.0 Armour
 + Level 4.3 Dodging


You had 8 spell levels left.
You didn't know any spells.

Dungeon Overview and Level Annotations

Branches:
Dungeon (8/15)
 Temple: D:4-7         Lair: D:8-11

Altars:
Kikubaaqudgha
Uskayaw
Vehumet
Wu Jian
Zin


Innate Abilities, Weirdness & Mutations

You are resistant to damage.
You can heal yourself by infusing magical energy.
You passively map the area around you.
You do not regenerate.


Message History

Trog accepts your kill.
Your Armour skill increases to level 6!
You completely miss the jackal.
The jackal bites you but does no damage. x2
A bullfrog and a two-headed ogre come into view.
u - a plate armour The two-headed ogre shouts in stereo!
The bullfrog croaks.
The jackal bites you but does no damage.
The jackal bites you.
* * * LOW HITPOINT WARNING * * *
Unknown command.
The jackal barely misses you.
There is a stone staircase leading up, spattered with blood here.
Unknown command.
The bullfrog barely misses you. The jackal closely misses you.
The bullfrog hits you. The jackal barely misses you.
The two-headed ogre hits you with a giant club!
* * * LOW HITPOINT WARNING * * *
The two-headed ogre hits you with a giant club!
You die...

, , , , , , , , ,
,, , * * , ,, *
,.## # ** , * * *
....####. ,, , ,
,..#...... * ,
.....#..## * , *
.........#####.. ,
,**
.......)O....... ,
, ,,,
...=..)h@F...... *
,
....#...[)......,,
, , * * . ,
#.##...##... , *
,,...,..%... $ , ,
* , ...., ....#.#,
...?# ###......, ,
,* , ....,,
....### , * * *#.#
..... , ,, ,, * ,
,,


You could see a two-headed ogre, a bullfrog and a jackal.

Vanquished Creatures
  A two-headed ogre (D:7)
  The ghost of tidbits the Insei, a novice GnTm of Cheibriados (D:8)
  The ghost of emperorscorpion the Chopper, an amateur DDBe of Trog (D:7)
  An orc warrior (D:8)
  3 ogres (D:6)
  A big kobold (D:7)
  A bullfrog (D:6)
  A scorpion (D:7)
  2 howler monkeys (D:7)
  A centaur zombie (D:6)
  2 hounds (D:7)
  An orc wizard (D:7)
  A gnoll shaman (D:7)
  2 orc priests (D:8)
  A worker ant (D:6)
  A worker ant zombie (D:7)
  5 gnolls (D:7)
  2 adders
  A shadow imp (D:6)
  An ooze (D:3)
  An adder zombie (D:7)
  An adder skeleton (D:2)
  2 worms (D:2)
  3 dart slugs
  4 leopard geckos
  11 orcs
  A ball python (D:3)
  A giant cockroach (D:2)
  2 goblins (D:1)
  8 jackals
  2 quokkas (D:7)
  2 bats
  A frilled lizard (D:3)
  8 kobolds
  2 rats
79 creatures vanquished.

Notes
Turn   | Place    | Note
-------+----------+-------------------------------------------
     0 | D:1      | emperorscorpion the Deep Dwarf Berserker began the quest for the Orb.
     0 | D:1      | Reached XP level 1. HP: 20/20 MP: 1/1
    14 | D:2      | Reached XP level 2. HP: 27/27 MP: 2/2
    77 | D:1      | Reached skill level 4 in Axes
    77 | D:1      | Reached XP level 3. HP: 19/34 MP: 3/3
   213 | D:3      | Reached ** piety under Trog
   340 | D:4      | You fall through a shaft for 2 floors!
   340 | D:6      | Found an ornate altar of the Wu Jian Council.
   340 | D:6      | Found a glowing silver altar of Zin.
   340 | D:6      | Found a hide-covered altar of Uskayaw.
   340 | D:6      | Found an ancient bone altar of Kikubaaqudgha.
   376 | D:7      | Reached XP level 4. HP: 42/42 MP: 4/4
   383 | D:7      | Noticed emperorscorpion's ghost (amateur DDBe)
   383 | D:7      | Reached skill level 5 in Axes
   392 | D:7      | Reached XP level 5. HP: 49/49 MP: 5/5
   441 | D:7      | Killed emperorscorpion's ghost
   441 | D:7      | Reached skill level 6 in Axes
   441 | D:7      | Reached XP level 6. HP: 49/57 MP: 6/6
   598 | D:7      | Reached XP level 7. HP: 16/64 MP: 7/7
   701 | D:7      | Reached skill level 7 in Axes
   804 | D:7      | Found a radiant altar of Vehumet.
   874 | D:8      | Noticed a two-headed ogre
   926 | D:6      | Reached skill level 8 in Axes
   962 | D:7      | Killed a two-headed ogre
   962 | D:7      | Reached skill level 5 in Fighting
   962 | D:7      | Reached skill level 9 in Axes
   962 | D:7      | Reached skill level 5 in Armour
   962 | D:7      | Reached XP level 8. HP: 10/74 MP: 8/8
  1128 | D:8      | Noticed tidbits's ghost (novice GnTm)
  1132 | D:8      | Reached skill level 10 in Axes
  1266 | D:8      | Killed tidbits's ghost
  1266 | D:8      | Gained mutation: You passively map the area around you. [Deep Dwarf growth]
  1266 | D:8      | Reached XP level 9. HP: 38/82 MP: 8/8
  1272 | D:8      | Noticed a two-headed ogre
  1274 | D:8      | Mangled by a two-headed ogre

Vault maps used:
D:1:      minmay_arrival_five_plusses
D:2:      first_ration
D:3:      chequers_ecumenical_altar_simple_redux, uniq_purgy
D:4:      okawaru_altar_gauntlet_db
D:6:      nicolae_overflow_hidden_temple, serial_curves, eino_curves_01,
          eino_curves_02
D:7:      fiery_altar_vehumet

Skill      XL: |  1  2  3  4  5  6  7  8  9 |
---------------+----------------------------+-----
Fighting       | 3 4 5 |  5.7
Axes           | 4 5 6 9 10 | 10.6
Armour         | 3 5 6 |  6.0
Dodging        | 3 4 |  4.3

Action                   |  1- 3 |  4- 6 |  7- 9 || total
-------------------------+-------+-------+-------++-------
Melee: Hand axe          |    80 |    93 |   184 ||   357
Invok: Berserk           |     4 |     2 |     6 ||    12
       Trog's Hand       |       |     1 |     2 ||     3
 Abil: Heal Wounds       |     1 |     1 |     4 ||     6
  Use: Potion            |       |     1 |       ||     1
  Eat: Chunk             |     1 |       |     5 ||     6
       Ration            |       |     1 |     1 ||     2
Armor: Animal skin       |     7 |       |       ||     7
       Chain mail        |    47 |    39 |   108 ||   194
       Ring mail         |     3 |       |       ||     3
       Skin              |       |    21 |       ||    21
Dodge: Dodged            |    68 |    43 |    71 ||   182

Table legend:
 A = Spawn XP
 B = Non-spawn XP
 C = Spawn XP percentage of total XP
 D = Spawn monster count
 E = Non-spawn monster count
 F = Spawn count percentage of total count
 G = Total turns spent on level
                    A         B        C        D         E        F      G
               +---------+---------+-------+---------+---------+-------+---------
         Total |       0 |    3468 |   0.0 |       0 |      79 |   0.0 |  1274
               +---------+---------+-------+---------+---------+-------+---------
           D:1 |       0 |      13 |   0.0 |       0 |       6 |   0.0 |    60
           D:2 |       0 |      37 |   0.0 |       0 |       9 |   0.0 |    99
           D:3 |       0 |      35 |   0.0 |       0 |      12 |   0.0 |   171
           D:6 |       0 |     558 |   0.0 |       0 |      11 |   0.0 |   174
           D:7 |       0 |    1832 |   0.0 |       0 |      32 |   0.0 |   690
           D:8 |       0 |     993 |   0.0 |       0 |       9 |   0.0 |    70
               +---------+---------+-------+---------+---------+-------+---------
